 Dungeon Crawl Stone Soup version 0.22-a0-305-gd21a89c538 (webtiles) character file.

3492 MirrMurr the Spear-Bearer (level 9, -8/123 HPs)
             Began as a Centaur Berserker on Mar 31, 2018.
             Was a High Priest of Trog.
             Mangled by a cyclops (17 damage)
             ... on level 8 of the Dungeon.
             The game lasted 00:20:32 (8685 turns).

MirrMurr the Spear-Bearer (Centaur Berserker)       Turns: 8685, Time: 00:20:33

Health: -8/123     AC: 13    Str: 29    XL:     9   Next: 80%
Magic:  9/9        EV:  6    Int:  6    God:    Trog [*****.]
Gold:   27         SH:  0    Dex:  8    Spells: 8/8 levels left

rFire    . . .     SeeInvis +   b - +0 halberd
rCold    . . .     Gourm    +   (shield currently unavailable)
rNeg     . . .     Faith    .   Q - +0 chain mail (curse)
rPois    .         Spirit   .   D - +2 helmet {SInv}
rElec    .         Reflect  .   q - +0 cloak
rCorr    .         Harm     .   e - +1 pair of gloves
MR       .....                  (no barding)
Stlth    ..........             t - amulet of the gourmand
HPRegen  0.30/turn              (no ring)
MPRegen  0.11/turn              (no ring)

@: berserking, drained, very quick
A: large, hooves 3, deformed body, speed 2, tough skin 3
a: Berserk, Trog's Hand, Brothers in Arms, Renounce Religion


You were on level 8 of the Dungeon.
You worshipped Trog.
Trog was extremely pleased with you.
You were not hungry.

You visited 1 branch of the dungeon, and saw 8 of its levels.
You also visited: Sewer.

You collected 285 gold pieces.
You spent 258 gold pieces at shops.

Inventory:

Hand Weapons
 a - a +0 shortbow
 b - a +0 halberd (weapon)
 w - a +0 trident
 B - a +3 blowgun
Missiles
 o - 203 stones (quivered)
 s - 87 arrows
 C - 22 poisoned needles
Armour
 e - a +1 pair of gloves (worn)
 q - a +0 cloak (worn)
 D - a +2 helmet of see invisible (worn)
 Q - a cursed +0 chain mail (worn)
Jewellery
 g - an uncursed ring of flight
 n - an uncursed amulet of harm {unknown}
 t - an amulet of the gourmand (around neck)
 G - an uncursed amulet of faith {unknown}
Wands
 p - a wand of paralysis (9)
 H - a wand of disintegration (11)
 K - a wand of iceblast (8)
 M - a wand of polymorph (27)
 O - a wand of flame (33)
Scrolls
 d - 2 scrolls of enchant weapon
 f - 4 scrolls of magic mapping
 i - a scroll of fear
 j - 2 scrolls of teleportation
 r - 2 scrolls of remove curse
 x - 3 scrolls of fog
 E - a scroll of immolation
Potions
 h - 2 potions of degeneration {unknown}
 k - a potion of resistance {unknown}
 m - a potion of lignification
 u - 2 potions of haste
 v - 2 potions of might
 y - a potion of flight {unknown}
 z - 2 potions of heal wounds
 A - a potion of invisibility {unknown}
 I - 9 potions of curing
Comestibles
 c - 17 rations


   Skills:
 + Level 8.4(7.2) Fighting
 + Level 9.9(8.6) Polearms
 * Level 6.9(5.7) Bows
 - Level 1.3(0.4) Armour
 - Level 1.3(0.4) Dodging


You had 8 spell levels left.
You didn't know any spells.

Dungeon Overview and Level Annotations

Branches:
Dungeon (8/15)             Temple (0/1) D:6
   Lair: D:8-11

Altars:
Dithmenos
Kikubaaqudgha
Okawaru
Ru

Shops:
D:4 [

Annotations:
D:5 Prince Ribbit


Innate Abilities, Weirdness & Mutations

You have hooves in place of feet.
Armour fits poorly on your strangely shaped body.
You cover ground very quickly.
You have extremely tough skin. (AC +3)


Message History

b - a +0 halberd (weapon)
A red film seems to cover your vision as you go berserk!
You feel yourself moving faster!
You feel mighty!
The black bear bites you but does no damage.
The black bear claws you but does no damage.
The black bear completely misses you. The cyclops hits you!
* * * LOW HITPOINT WARNING * * *
A vampire mosquito comes into view.
The vampire mosquito buzzes angrily.
You hear an angry buzzing noise.
You hit the cyclops.
The cyclops is severely wounded.
The black bear bites you but does no damage.
The black bear claws you but does no damage. x2
You hit the cyclops.
The cyclops is severely wounded.
The black bear bites you but does no damage.
The black bear barely misses you.
The black bear claws you but does no damage.
The cyclops hits you!
You die...

####.##..##.....##..#####..####
....>........### ##....#
#.#.......#(...#######..
...._....#C.#....#####.
#y.....##.....#...# #.
#.......#.###...#.####
#.......#(# ###.#...##
#.....h((.# #...#...
##...@C#.## ###..... ##..(##(#
####[##. ######.# #....###
###..######.#### #
###...([..[.[.# #....##########
######


You could see a cyclops, a black bear and a vampire mosquito.

Vanquished Creatures
  2 hippogriffs
  Menkaure (D:6)
  The ghost of Oravi the Bolt Thrower, an amateur KoHu (D:3)
  2 ice beasts
  A phantom (D:4)
  4 ogres
  2 orc warriors
  A sky beast (D:8)
  A centaur (D:6)
  6 bullfrogs
  A water moccasin skeleton (D:7)
  A scorpion (D:7)
  3 killer bees
  8 wights
  A howler monkey (D:4)
  5 crimson imps
  A jelly (D:7)
  A quasit (D:7)
  3 hounds
  An orc priest (D:6)
  2 orc wizards (D:4)
  A centaur skeleton (D:4)
  An iguana (D:7)
  4 worker ants
  18 adders
  5 river rats (Sewer)
  4 oozes
  3 adder skeletons
  3 worms
  7 leopard geckos
  9 orcs
  12 ball pythons
  12 giant cockroaches
  11 goblins
  4 hobgoblins
  18 jackals
  6 kobolds
  3 quokkas
  A ball python skeleton (D:4)
  A ball python zombie (D:3)
  4 bats
  10 frilled lizards
  A jackal zombie (D:7)
  A leopard gecko zombie (D:6)
  2 quokka zombies
  36 rats
225 creatures vanquished.

Notes
Turn   | Place    | Note
-------+----------+-------------------------------------------
     0 | D:1      | MirrMurr the Centaur Berserker began the quest for the Orb.
     0 | D:1      | Reached XP level 1. HP: 19/19 MP: 1/1
     2 | D:1      | Found a runed door.
   128 | D:1      | Reached skill level 3 in Polearms
   159 | D:1      | Reached XP level 2. HP: 26/26 MP: 2/2
   640 | D:1      | Reached ** piety under Trog
   645 | D:1      | Reached XP level 3. HP: 28/31 MP: 3/3
   988 | D:2      | Reached skill level 4 in Polearms
   994 | D:2      | Reached XP level 4. HP: 40/40 MP: 4/4
  1085 | D:2      | Found a shadowy altar of Dithmenos.
  1781 | D:3      | Noticed Oravi's ghost (amateur KoHu)
  1823 | D:3      | Reached *** piety under Trog
  1879 | D:3      | Found a glowing drain.
  1906 | Sewer    | Entered a sewer
  2336 | Sewer    | Reached XP level 5. HP: 39/46 MP: 5/5
  2776 | Sewer    | Reached **** piety under Trog
  2787 | Sewer    | Reached skill level 5 in Polearms
  3066 | Sewer    | Reached XP level 6. HP: 53/53 MP: 6/6
  3921 | D:4      | Reached skill level 5 in Fighting
  3966 | D:4      | Reached skill level 6 in Polearms
  3995 | D:3      | Killed Oravi's ghost
  3995 | D:3      | Reached XP level 7. HP: 61/61 MP: 7/7
  4283 | D:4      | Found Vutal's Armour Emporium.
  4592 | D:4      | Reached skill level 7 in Polearms
  4614 | D:5      | Entered Level 5 of the Dungeon
  4750 | D:5      | Reached XP level 8. HP: 56/70 MP: 8/8
  5479 | D:6      | Reached skill level 8 in Polearms
  5529 | D:6      | Noticed Menkaure
  5532 | D:6      | Noticed Prince Ribbit
  5536 | D:6      | Killed Menkaure
  5896 | D:6      | Reached skill level 9 in Polearms
  5983 | D:6      | Reached ***** piety under Trog
  6189 | D:6      | Found a staircase to the Ecumenical Temple.
  6269 | D:6      | Reached XP level 9. HP: 52/79 MP: 9/9
  6703 | D:7      | Reached skill level 1 in Bows
  6817 | D:7      | Received a gift from Trog
  7059 | D:7      | Found a sacrificial altar of Ru.
  7926 | D:8      | Reached skill level 5 in Bows
  8408 | D:8      | Found an iron altar of Okawaru.
  8513 | D:4      | Bought a +2 helmet of see invisible for 258 gold pieces
  8603 | D:8      | Found an ancient bone altar of Kikubaaqudgha.
  8612 | D:8      | Noticed a cyclops
  8685 | D:8      | Mangled by a cyclops

Vault maps used:
D:1:      dpeg_arrival_caged_fury
D:2:      nicolae_dithmenos_through_a_glass_darkly, first_ration,
          kennysheep_generic_room_3
D:3:      portal_sewer_entry_a
D:4:      serial_shops, nicolae_shop_statue_plus
D:5:      st_stairs_8
D:6:      minmay_temple_entry_glass, uniq_menkaure, uniq_prince_ribbit1
D:7:      kennysheep_mini
D:8:      overflow_temple_1_default, overflow_temple_1_default
Sewer:    sewer_minmay_w

Skill      XL: |  1  2  3  4  5  6  7  8  9 |
---------------+----------------------------+-----
Polearms       | 3 4 5 6 7 9 |  9.9
Fighting       | 4 5 6 7 8 |  8.4
Bows           | 6 |  6.9
Armour         | |  1.3
Dodging        | |  1.3

Action                   |  1- 3 |  4- 6 |  7- 9 || total
-------------------------+-------+-------+-------++-------
Melee: Spear             |   156 |   336 |    56 ||   548
       Kick              |    29 |    56 |    55 ||   140
       Trident           |       |       |   141 ||   141
       Halberd           |       |       |   108 ||   108
 Fire: Shortbow          |       |       |   121 ||   121
Invok: Berserk           |       |     3 |     6 ||     9
       Trog's Hand       |       |       |     1 ||     1
  Use: Scroll            |     1 |     9 |     9 ||    19
       Potion            |       |     2 |       ||     2
  Eat: Chunk             |       |    11 |    24 ||    35
       Ration            |       |       |     1 ||     1
Armor: Animal skin       |     1 |       |       ||     1
       Chain mail        |    62 |   247 |   179 ||   488
Dodge: Dodged            |    29 |   105 |    86 ||   220

Table legend:
 A = Spawn XP
 B = Non-spawn XP
 C = Spawn XP percentage of total XP
 D = Spawn monster count
 E = Non-spawn monster count
 F = Spawn count percentage of total count
 G = Total turns spent on level
                    A         B        C        D         E        F      G
               +---------+---------+-------+---------+---------+-------+---------
         Total |       0 |    4989 |   0.0 |       0 |     225 |   0.0 |  8685
               +---------+---------+-------+---------+---------+-------+---------
           D:1 |       0 |      74 |   0.0 |       0 |      36 |   0.0 |   926
           D:2 |       0 |      35 |   0.0 |       0 |      14 |   0.0 |   688
           D:3 |       0 |     264 |   0.0 |       0 |      41 |   0.0 |  1025
           D:4 |       0 |     585 |   0.0 |       0 |      19 |   0.0 |   742
           D:5 |       0 |     377 |   0.0 |       0 |      10 |   0.0 |  1008
           D:6 |       0 |    1158 |   0.0 |       0 |      22 |   0.0 |   871
           D:7 |       0 |    1091 |   0.0 |       0 |      20 |   0.0 |  1277
           D:8 |       0 |    1016 |   0.0 |       0 |      15 |   0.0 |   751
         Sewer |       0 |     389 |   0.0 |       0 |      48 |   0.0 |  1397
               +---------+---------+-------+---------+---------+-------+---------
